 Dungeon Crawl Stone Soup version 0.27.0-1-g7a089689b8 (webtiles) character file.

Game seed: 17965686211053107480

493 theswoord the Chopper (level 6, -9/44 HPs)
             Began as a Demonspawn Gladiator on Aug 8, 2021.
             Mangled by Duvessa (12 damage)
             ... on level 4 of the Dungeon.
             The game lasted 00:05:47 (4662 turns).

theswoord the Chopper (Demonspawn Gladiator)        Turns: 4662, Time: 00:05:47

Health: -9/44      AC:  8    Str: 16    XL:     6   Next: 92%
Magic:  6/6        EV: 12    Int:  9    God:
Gold:   188        SH:  0    Dex: 15    Spells: 5/5 levels left

rFire    . . .     SeeInvis .   a - +0 war axe
rCold    . . .     Faith    .   (no shield)
rNeg     . . .     Spirit   .   b - +0 leather armour
rPois    .         Reflect  .   c - +0 helmet
rElec    .         Harm     .   (no cloak)
rCorr    .         Rampage  .   (no gloves)
Will     .....                  (no boots)
Stlth    +.........             (no amulet)
HPRegen  0.14/turn              f - +4 ring of protection
MPRegen  0.10/turn              (no ring)

@: no status effects
A: claws 2, foul stench 1, spiny 1
a: no special abilities


You were on level 4 of the Dungeon.
You visited 1 branch of the dungeon, and saw 5 of its levels.

You collected 188 gold pieces.

Inventory:

Hand Weapons
 a - a +0 war axe (weapon)
Missiles
 d - 5 throwing nets (quivered)
Armour
 b - a +0 leather armour (worn)
 c - a +0 helmet (worn)
Jewellery
 f - a +4 ring of protection (left claw)
Potions
 e - 2 potions of curing
 g - 2 potions of attraction
 h - a potion of degeneration {unknown}
 i - 2 potions of berserk rage
 j - 2 potions of invisibility {unknown}
 k - 2 potions of heal wounds {unknown}
 n - a potion of flight {unknown}


   Skills:
 - Level 2.0 Fighting
 + Level 7.2 Axes
 - Level 1.7 Throwing
 - Level 2.6 Dodging


You had 5 spell levels left.
You didn't know any spells.
Your spell library was empty.

Dungeon Overview and Level Annotations

Branches:
Dungeon (5/15)
 Temple: D:4-7

Altars:
Ashenzari
Makhleb
Uskayaw
Xom

Annotations:
D:4 2 transporters, Duvessa; Ozzies's ghost, amateur MiFi


Innate Abilities, Weirdness & Mutations

You have very sharp fingernails.
You may rarely emit foul miasma when damaged in melee.
You are partially covered in sharp spines.


Message History

Where to? (Enter - D:4 @ (x,y), ? - help) Duvessa is nearby!
Duvessa is struck by your spines. Duvessa hits you with a +0 short sword.
You emit a cloud of foul miasma!
You barely miss Duvessa.
Duvessa is lightly wounded.
Duvessa is engulfed in dark miasma.
Duvessa is poisoned.
Duvessa hits you with a +0 short sword!
Duvessa is engulfed in dark miasma.
Duvessa looks even sicker.
Duvessa seems to slow down.
Duvessa hits you but does no damage.
You barely miss Duvessa.
Duvessa is lightly wounded.
Duvessa is engulfed in dark miasma.
Duvessa looks even sicker.
Duvessa seems to slow down.
Duvessa is struck by your spines. Duvessa hits you with a +0 short sword!
You hit Duvessa but do no damage.
Duvessa is moderately wounded.
Duvessa is engulfed in dark miasma.
Duvessa looks as sick as possible!
Duvessa hits you but does no damage.
You hit Duvessa but do no damage.
Duvessa is moderately wounded.
Duvessa is engulfed in dark miasma.
Duvessa looks as sick as possible!
Duvessa is struck by your spines. Duvessa hits you with a +0 short sword.
* * * LOW HITPOINT WARNING * * *
You hit Duvessa but do no damage.
Duvessa is heavily wounded.
Duvessa is engulfed in dark miasma.
Duvessa looks as sick as possible!
Duvessa hits you with a +0 short sword!
* * * LOW HITPOINT WARNING * * *
You barely miss Duvessa.
Duvessa is severely wounded.
Duvessa is engulfed in dark miasma.
Duvessa looks as sick as possible!
Duvessa seems to slow down.
Duvessa hits you with a +0 short sword.
* * * LOW HITPOINT WARNING * * *
You closely miss Duvessa.
Duvessa is severely wounded.
Duvessa hits you with a +0 short sword.
* * * LOW HITPOINT WARNING * * *
Duvessa hits you with a +0 short sword!
You die...

#...............# #..........#
.#..P.P.........# #...######.#
#.###'###.......# #...# #.#
.##.'.†.#.......# #...## #.#
#.###.).######### #....# #.#
.##^'...######## #....#####.#
#.########.....# #....†......
.#.#.#.###.....#########..####..#
#.#.#.#..'.....e@...........#...#
.#.#.#.###.....#....#####.>.#.###
#.#.#.## #.....#....# ##..#<# #
.#.#.#.# #.....#....######..#####
...##.## #.....#........).......#
......# #.....#.....##########.#
......# #######.....#..........#
......# ###.....#(##########
......# #.......#.#.........


You could see Duvessa (berserk, extremely poisoned, slow).

Vanquished Creatures
  Dowan (D:4)
  3 hounds (D:4)
  A gnoll shaman (D:4)
  A bullfrog skeleton (D:4)
  Natasha (D:2)
  15 gnolls
  An adder (D:3)
  An ufetubus (D:4)
  3 adder skeletons (D:4)
  3 worms
  2 dart slugs (D:1)
  7 orcs
  4 bats
  6 endoplasms
  6 giant cockroaches
  3 goblins
  A hobgoblin (D:2)
  12 jackals
  3 kobolds
  7 quokkas
  8 ball pythons
  2 frilled lizards
  7 rats
98 creatures vanquished.

Notes
Turn   | Place    | Note
-------+----------+-------------------------------------------
     0 | D:1      | theswoord the Demonspawn Gladiator began the quest for the
                  | Orb.
     0 | D:1      | Reached XP level 1. HP: 16/16 MP: 1/1
    30 | D:1      | Reached skill level 3 in Axes
    30 | D:1      | Gained mutation: You are partially covered in sharp spines.
                  | [demonic ancestry]
    30 | D:1      | Reached XP level 2. HP: 4/22 MP: 2/2
   816 | D:1      | Gained mutation: You may rarely emit foul miasma when
                  | damaged in melee. [demonic ancestry]
   816 | D:1      | Reached XP level 3. HP: 26/27 MP: 3/3
   904 | D:1      | Reached skill level 4 in Axes
   911 | D:1      | Found a faded altar of an unknown god.
  2037 | D:2      | Noticed Natasha
  2038 | D:2      | Found a hide-covered altar of Uskayaw.
  2043 | D:2      | Killed Natasha
  2044 | D:2      | Gained mutation: You have sharp fingernails. [demonic
                  | ancestry]
  2044 | D:2      | Reached XP level 4. HP: 25/33 MP: 4/4
  2397 | D:3      | Reached skill level 5 in Axes
  2402 | D:3      | Reached XP level 5. HP: 27/38 MP: 5/5
  2534 | D:3      | Found a burning altar of Makhleb.
  2903 | D:3      | Found a broken altar of Ashenzari.
  2929 | D:3      | Found a shimmering altar of Xom.
  3598 | D:4      | Reached skill level 6 in Axes
  3604 | D:4      | Gained mutation: You have very sharp fingernails. [demonic
                  | ancestry]
  3604 | D:4      | Reached XP level 6. HP: 11/44 MP: 6/6
  3942 | D:4      | Noticed Dowan
  3951 | D:4      | Killed Dowan
  4354 | D:4      | Reached skill level 7 in Axes
  4458 | D:4      | Found a transporter.
  4460 | D:4      | Found a transporter.
  4460 | D:4      | Noticed Ozzies's ghost (amateur MiFi)
  4636 | D:5      | Entered Level 5 of the Dungeon
  4653 | D:4      | Noticed Duvessa
  4662 | D:4      | Mangled by Duvessa

Skill      XL: |  1  2  3  4  5  6 |
---------------+-------------------+-----
Axes           | 3 4 5 6 7 |  7.2
Fighting       | |  2.0
Throwing       | |  1.7
Dodging        | |  2.6

Action                   |  1- 3 |  4- 6 || total
-------------------------+-------+-------++-------
Melee: War axe           |    69 |   121 ||   190
  Use: Scroll            |     2 |     7 ||     9
       Potion            |       |     2 ||     2
 Stab: Sleeping          |     4 |     1 ||     5
       Distracted        |       |     1 ||     1
Armor: Leather armour    |     7 |    43 ||    50
Dodge: Dodged            |    35 |    92 ||   127

Levels and vault maps discovered:
D:1:      psy_arrival_terrarium, layout_basic,
          dreamdust_ecumenical_altar_hidden_monk_grotto, minmay_nonomino_d4
D:2:      minmay_wonky_spiral, layout_loops_ring, basic_altar, uniq_natasha
D:3:      layout_loops_ring, mainiacjoe_overflow_cross_hatched,
          mainiacjoe_overflow_alcove_2, marbit_many_paths,
          corexii_leaking_fountain, kennysheep_cross_bottleneck
D:4:      layout_basic, gammafunk_ghost_arena, cheibrodos_gnoll_hut,
          uniq_duvessa
D:5:      layout_loops_ring, mainiacjoe_overflow_brackets, enter_ossuary_2,
          portal_sewer_entry_f, nrook_pool_corridor, amcnicky_mini_pool_small,
          lightli_corner_chamber, uniq_ijyb
